 Dungeon Sprint DCSS version 0.22-b1-26-g9dbaab1 (webtiles) character file.

42396 Lilu the Slayer (level 13, -2/156 HPs)
             Began as a Minotaur Fighter on Aug 6, 2018.
             Was the Champion of Okawaru.
             Killed from afar by an ice dragon (20 damage)
             ... with a blast of cold
             ... in the Dungeon (Sprint IX: "|||||||||||||||||||||||||||||").
             The game lasted 00:27:11 (4109 turns).

Lilu the Slayer (Minotaur Fighter)                  Turns: 4109, Time: 00:27:11

Health: -2/156     AC: 24    Str: 24    XL:     13   Next: 85%
Magic:  19/19      EV: 17    Int:  8    God:    Okawaru [******]
Gold:   1414       SH: 14    Dex: 12    Spells: 12/12 levels left

rFire    . . .     SeeInvis .   q - +1 broad axe (chop)
rCold    . . .     Gourm    .   c - +0 shield
rNeg     . . .     Faith    .   a - +2 chain mail {MR+}
rPois    +         Spirit   .   (helmet restricted)
rElec    .         Reflect  .   H - +2 cloak {rPois}
rCorr    .         Harm     .   G - +1 pair of gloves {archery}
MR       +....     NoTele   +   C - +0 pair of boots
Stlth    ..........             h - amulet of regeneration
HPRegen  0.76/turn              t - +3 ring of intelligence
MPRegen  0.16/turn              u - +2 ring of evasion

@: no status effects
A: retaliatory headbutt, horns 2
a: Heroism, Finesse, Renounce Religion


You were in the Dungeon.
You worshipped Okawaru.
Okawaru was exalted by your worship.
You were not hungry.

You visited 1 branch You collected 1934 gold pieces.
You spent 520 gold pieces at shops.

Inventory:

Hand Weapons
 q - a +1 broad axe of chopping (weapon)
 r - the +2 halberd of Ryonycei {freeze, rF+ rC+ Str+4}
   (You found it in the Dungeon)

   It has been specially enchanted to freeze those struck by it, causing extra
   injury to most foes and up to half again as much damage against particularly
   susceptible opponents.
   It can also slow down cold-blooded creatures.
   It affects your strength (+4).
   It protects you from fire.
   It protects you from cold.
 A - a +1 battleaxe of flaming
 F - the +1 spear of Kismet {freeze, Str+4 Int+3 SInv}
   (You found it in the Dungeon)

   It has been specially enchanted to freeze those struck by it, causing extra
   injury to most foes and up to half again as much damage against particularly
   susceptible opponents.
   It can also slow down cold-blooded creatures.
   It affects your strength (+4).
   It affects your intelligence (+3).
   It lets you see invisible.
Armour
 a - a +2 chain mail of magic resistance (worn)
 c - a +0 shield (worn)
 s - a +2 chain mail of fire resistance
 z - the +3 ring mail of the Vacuum {rCorr Dex+4}
   (You bought it in a shop in the Dungeon)

   It affects your dexterity (+4).
   It provides partial protection from all sources of acid and corrosion.
 B - +0 fire dragon scales
 C - a +0 pair of boots (worn)
 G - a +1 pair of gloves of archery (worn)
 H - a +2 cloak of poison resistance (worn)
 J - +0 swamp dragon scales
 K - a +3 chain mail
Jewellery
 b - an uncursed ring of ice
 h - an amulet of regeneration (around neck)
 t - a +3 ring of intelligence (left hand)
 u - a +2 ring of evasion (right hand)
 D - an uncursed ring of ice
 E - an uncursed ring of wizardry
Wands
 p - a wand of acid (10)
Scrolls
 k - 3 scrolls of blinking
 n - 6 scrolls of remove curse
 o - 2 scrolls of amnesia
 x - 6 scrolls of enchant weapon
 y - a scroll of fog
Potions
 e - 3 potions of curing
 g - a potion of invisibility
 i - 4 potions of magic
 j - a potion of berserk rage
 l - 2 potions of agility
 m - 2 potions of heal wounds
 v - 2 potions of haste
 w - 2 potions of might
 L - a potion of resistance
Comestibles
 d - 8 chunks of flesh
 f - 9 rations


   Skills:
 + Level 26.0 Fighting
 - Level 18.0 Axes
 + Level 18.0 Armour
 * Level 12.7 Dodging
 - Level 15.1 Shields
 - Level 10.0 Invocations


You had 12 spell levels left.
You didn't know any spells.
Your spell library was empty.

Dungeon Overview and Level Annotations

Branches:
Dungeon (1/1)

Altars:
Cheibriados
Dithmenos
Elyvilon
Fedhas
Gozag
Hepliaklqana
Kikubaaqudgha
Makhleb
Nemelex Xobeh
Okawaru
Qazlal
Ru
Sif Muna
Trog
Uskayaw
Vehumet
Wu Jian
Xom
Yredelemnul
Zin
The Shining One
Beogh
Jiyva
Lugonu

Shops:
D [[((


Innate Abilities, Weirdness & Mutations

You reflexively headbutt those who attack you in melee.
You have a pair of horns on your head.


Message History

* * * LOW HITPOINT WARNING * * *
The ice dragon barely misses you. You block the ice dragon's attack.
You open the ice dragon like a pillowcase!!!
The ice dragon is severely wounded.
You block the ice dragon's attack. The ice dragon closely misses you.
You block the ice dragon's attack.
You hit the ice dragon.
The ice dragon is almost dead.
You hit the ice dragon but do no damage.
Your headbutt misses the ice dragon.
The ice dragon is almost dead.
You block the ice dragon's attack. The ice dragon barely misses you.
The ice dragon tramples you.
* * * LOW HITPOINT WARNING * * *
You stumble backwards!
You barely miss the ice dragon. Your headbutt misses the ice dragon.
The ice dragon is almost dead.
The ice dragon breathes frost at you. The blast of cold hits you!
You die...

)).)))).....'.........▓
▓▓▓▓▓▓▓▓▓▓▓▓▓▓▓▓▓▓▓▓▓▓▓
.................†..†.▓
♣♣♣♣♣♣♣▓▓▓▓▓▓▓▓▓▓▓▓▓▓)▓
)))÷.('............†..▓
♣♣♣♣♣♣♣▓▓▓▓▓▓▓▓▓▓▓▓▓▓▓▓
....................).▓
▓▓▓▓▓▓▓▓▓▓▓▓▓▓▓▓▓▓▓▓▓)▓
....'((..(((...D@....)▓
▓▓▓▓▓▓▓▓▓▓▓▓▓▓▓▓▓▓▓▓▓▓▓


You could see an ice dragon.

Vanquished Creatures
  Frances (D)
  Kirke (D)
  A nagaraja (D)
  A fire giant (D)
  3 very ugly things (D)
  2 stone giants (D)
  Snorg (D)
  An ettin (D)
  A fire dragon (D)
  A yaktaur captain (D)
  A rakshasa (D)
  A great orb of eyes (D)
  A merfolk impaler (D)
  A hydra (D)
  An ice dragon (D)
  Harold (D)
  An anaconda (D)
  A catoblepas (D)
  A centaur warrior (D)
  A two-headed ogre (D)
  A deep troll shaman (D)
  A skeletal warrior (D)
  A spriggan druid (D)
  A swamp dragon (D)
  A shambling mangrove (D)
  A wizard (D)
  3 wolf spiders (D)
  2 orc knights (D)
  An orb spider (D)
  An orb spider (shapeshifter) (D)
  4 orc sorcerers (D)
  A cyclops (D)
  A salamander (D)
  A manticore (D)
  An elephant (D)
  2 black mambas (D)
  2 guardian serpents (D)
  A water nymph (D)
  5 spiny frogs (D)
  A demonic crawler (D)
  3 komodo dragons (D)
  2 yaktaurs (D)
  A hornet (D)
  2 trolls (D)
  5 merfolk (D)
  2 jumping spiders (D)
  A blink frog (D)
  A tyrant leech (D)
  2 hippogriffs (D)
  A redback (D)
  A shadow (D)
  2 tarantellas (D)
  A yak (D)
  6 hogs (D)
  A hungry ghost (D)
  Grum (D)
  2 nagas (D)
  An insubstantial wisp (D)
  A soldier ant (D)
  A water moccasin (D)
  9 orc warriors (D)
  3 porcupines (D)
  8 black bears (D)
  A phantom (D)
  4 sky beasts (D)
  4 wolves (D)
  A centaur (D)
  A crocodile (D)
  3 bullfrogs (D)
  A jelly (D)
  An orc priest (D)
  16 orc wizards (D)
  2 worker ants (D)
  2 adders (D)
  6 orcs (D)
  A bat (D)
  2 bat skeletons (D)
  2 hobgoblins (D)
  2 goblins (D)
161 creatures vanquished.

Vanquished Creatures (others)
  A vampire mage (D)
1 creature vanquished.

Grand Total: 162 creatures vanquished

Notes
Turn   | Place    | Note
-------+----------+-------------------------------------------
     0 | D        | Lilu the Minotaur Fighter began the quest for the Orb.
     0 | D        | Reached XP level 1. HP: 19/19 MP: 0/0
     8 | D        | Reached skill level 4 in Fighting
    16 | D        | Reached skill level 5 in Fighting
    33 | D        | Noticed a sky beast
    33 | D        | Noticed a worker ant
    35 | D        | Killed a worker ant
    35 | D        | Reached skill level 8 in Fighting
    35 | D        | Reached XP level 2. HP: 34/35 MP: 1/1
    35 | D        | Reached XP level 3. HP: 39/40 MP: 2/2
    39 | D        | Reached skill level 9 in Fighting
    52 | D        | Killed a sky beast
    52 | D        | Reached skill level 12 in Fighting
    52 | D        | Reached XP level 4. HP: 40/56 MP: 3/3
   140 | D        | Found a roughly hewn altar of Beogh.
   140 | D        | Found a snail-covered altar of Cheibriados.
   140 | D        | Found a shadowy altar of Dithmenos.
   140 | D        | Found a white marble altar of Elyvilon.
   140 | D        | Found a blossoming altar of Fedhas.
   140 | D        | Found an opulent altar of Gozag.
   141 | D        | Found a hazy altar of Hepliaklqana.
   142 | D        | Found a viscous altar of Jiyva.
   143 | D        | Found an ancient bone altar of Kikubaaqudgha.
   144 | D        | Found a corrupted altar of Lugonu.
   145 | D        | Found a burning altar of Makhleb.
   146 | D        | Found a sparkling altar of Nemelex Xobeh.
   147 | D        | Found an iron altar of Okawaru.
   148 | D        | Found a stormy altar of Qazlal.
   149 | D        | Found a sacrificial altar of Ru.
   150 | D        | Found a deep blue altar of Sif Muna.
   151 | D        | Found a bloodstained altar of Trog.
   152 | D        | Found a hide-covered altar of Uskayaw.
   153 | D        | Found a radiant altar of Vehumet.
   154 | D        | Found an ornate altar of the Wu Jian Council.
   155 | D        | Found a shimmering altar of Xom.
   157 | D        | Became a worshipper of Warmaster Okawaru
   159 | D        | Found a basalt altar of Yredelemnul.
   160 | D        | Found a glowing silver altar of Zin.
   161 | D        | Found a glowing golden altar of the Shining One.
   178 | D        | Got the +2 halberd of Ryonycei {freeze, rF+ rC+ Str+4}
   205 | D        | Noticed a sky beast
   205 | D        | Noticed a sky beast
   205 | D        | Noticed a phantom
   205 | D        | Noticed a soldier ant
   205 | D        | Noticed a troll
   208 | D        | Killed a troll
   208 | D        | Reached * piety under Okawaru
   208 | D        | Reached ** piety under Okawaru
   208 | D        | Reached skill level 15 in Fighting
   208 | D        | Reached XP level 5. HP: 60/69 MP: 4/4
   208 | D        | Reached XP level 6. HP: 67/77 MP: 5/5
   224 | D        | Killed a soldier ant
   224 | D        | Reached skill level 16 in Fighting
   228 | D        | Killed a sky beast
   228 | D        | Reached skill level 17 in Fighting
   228 | D        | Reached XP level 7. HP: 47/88 MP: 4/6
   236 | D        | Reached *** piety under Okawaru
   236 | D        | Reached skill level 18 in Fighting
   413 | D        | Noticed a yak
   413 | D        | Noticed a two-headed ogre
   419 | D        | Killed a two-headed ogre
   419 | D        | Reached **** piety under Okawaru
   419 | D        | Reached XP level 8. HP: 81/99 MP: 4/11
   431 | D        | Reached skill level 10 in Axes
   724 | D        | Noticed a komodo dragon
   724 | D        | Noticed a spiny frog
   724 | D        | Noticed a blink frog
   732 | D        | Killed a spiny frog
   732 | D        | Reached XP level 9. HP: 86/105 MP: 12/12
   743 | D        | Killed a komodo dragon
   743 | D        | Received a gift from Okawaru
   744 | D        | Reached ***** piety under Okawaru
   751 | D        | Received a gift from Okawaru
   751 | D        | Reached skill level 15 in Axes
   857 | D        | Noticed an elephant
   864 | D        | Killed an elephant
   871 | D        | Noticed a komodo dragon
   871 | D        | Noticed a komodo dragon
   871 | D        | Noticed a spiny frog
   877 | D        | Killed a spiny frog
   877 | D        | Reached skill level 5 in Shields
   881 | D        | Killed a komodo dragon
   885 | D        | Noticed a spiny frog
   888 | D        | Killed a komodo dragon
   888 | D        | Reached XP level 10. HP: 36/114 MP: 6/13
   903 | D        | Killed a spiny frog
  1040 | D        | Reached skill level 10 in Shields
  1293 | D        | Noticed an orc knight
  1309 | D        | Noticed an orc knight
  1311 | D        | Killed an orc knight
  1324 | D        | Killed an orc knight
  1393 | D        | Found Liceneuq's Weapon Boutique.
  1393 | D        | Noticed an orc sorcerer
  1457 | D        | Killed an orc sorcerer
  1457 | D        | Reached XP level 11. HP: 88/121 MP: 6/15
  1582 | D        | Found Poesyb's Antique Weapon Shop.
  1586 | D        | Found Naretul's Armour Boutique.
  1590 | D        | Found Uritz's Antique Armour Shop.
  1622 | D        | Noticed an orc sorcerer
  1623 | D        | Noticed an orc sorcerer
  1623 | D        | Noticed an orc sorcerer
  1635 | D        | Killed an orc sorcerer
  1637 | D        | Paralysed by an orc sorcerer for 6 turns
  1644 | D        | Noticed a sixfirhy
  1644 | D        | Killed an orc sorcerer
  1644 | D        | Received a gift from Okawaru
  1644 | D        | Reached skill level 19 in Fighting
  1650 | D        | Noticed a sun demon
  1706 | D        | Killed an orc sorcerer
  1911 | D        | Bought the +3 ring mail of the Vacuum {rCorr Dex+4} for 520 gold pieces
  1983 | D        | Noticed Harold
  1993 | D        | Killed Harold
  1993 | D        | Reached skill level 5 in Armour
  2030 | D        | Noticed Grum
  2038 | D        | Killed Grum
  2093 | D        | Got the cursed +1 spear of Kismet {freeze, Str+4 Int+3 SInv}
  2158 | D        | Noticed a catoblepas
  2158 | D        | Noticed a rakshasa
  2168 | D        | Killed a rakshasa
  2168 | D        | Reached skill level 20 in Fighting
  2200 | D        | Noticed a skeletal warrior
  2206 | D        | Killed a catoblepas
  2214 | D        | Noticed an orb spider
  2214 | D        | a hippogriff changed into an orb spider
  2215 | D        | Noticed a centaur warrior
  2216 | D        | Killed an orb spider
  2225 | D        | Reached skill level 10 in Armour
  2227 | D        | Killed a skeletal warrior
  2231 | D        | Killed a centaur warrior
  2231 | D        | Reached skill level 21 in Fighting
  2418 | D        | Noticed a fire dragon
  2419 | D        | Noticed a purple very ugly thing
  2420 | D        | Noticed a great orb of eyes
  2433 | D        | Noticed a stone giant
  2440 | D        | Killed a purple very ugly thing
  2446 | D        | Reached XP level 12. HP: 111/136 MP: 17/17
  2447 | D        | Noticed an ice dragon
  2461 | D        | Killed a fire dragon
  2463 | D        | Killed a great orb of eyes
  2473 | D        | Killed a stone giant
  2473 | D        | Received a gift from Okawaru
  2473 | D        | Reached skill level 5 in Dodging
  2484 | D        | Killed an ice dragon
  2677 | D        | Noticed Frances
  2693 | D        | Killed Frances
  2693 | D        | Reached skill level 22 in Fighting
  2758 | D        | Noticed a seven-headed hydra
  2790 | D        | Reached skill level 15 in Armour
  2826 | D        | Killed a 16-headed hydra
  2879 | D        | Received a gift from Okawaru
  2956 | D        | Reached skill level 10 in Invocations
  3061 | D        | Noticed a merfolk impaler
  3076 | D        | Killed a merfolk impaler
  3076 | D        | Reached skill level 23 in Fighting
  3300 | D        | Reached skill level 24 in Fighting
  3300 | D        | Reached XP level 13. HP: 133/150 MP: 11/19
  3381 | D        | Noticed a nagaraja
  3405 | D        | Killed a nagaraja
  3405 | D        | Reached skill level 25 in Fighting
  3447 | D        | Received a gift from Okawaru
  3447 | D        | Reached ****** piety under Okawaru
  3463 | D        | Reached skill level 26 in Fighting
  3624 | D        | Noticed Kirke
  3794 | D        | Killed Kirke
  3794 | D        | Reached skill level 15 in Shields
  3819 | D        | Noticed Snorg
  3837 | D        | Killed Snorg
  3899 | D        | Noticed a fire giant
  3899 | D        | Noticed an ettin
  3899 | D        | Noticed a stone giant
  3930 | D        | Killed a stone giant
  3936 | D        | Killed a fire giant
  3936 | D        | Reached skill level 10 in Dodging
  3941 | D        | Killed an ettin
  3941 | D        | Received a gift from Okawaru
  3999 | D        | Noticed a brown very ugly thing
  4017 | D        | Noticed a brown very ugly thing
  4039 | D        | Killed a purple very ugly thing
  4051 | D        | Killed a brown very ugly thing
  4109 | D        | Killed from afar by an ice dragon

Skill      XL: |  1  2  3  4  5  6  7  8  9 10 11 12 13 |
---------------+----------------------------------------+-----
Fighting       | 8 12 15 17 18 21 24 26 | 26.0
Axes           | 8 11 16 18 | 18.0
Invocations    | 6 7 8 10 | 10.0
Shields        | 6 14 15 | 15.1
Armour         | 12 15 18 | 18.0
Dodging        | 3 8 12 | 12.7

Action                   |  1- 3 |  4- 6 |  7- 9 | 10-12 | 13-15 || total
-------------------------+-------+-------+-------+-------+-------++-------
Melee: War axe           |    30 |       |       |       |       ||    30
       Headbutt          |     3 |     5 |    14 |   102 |    47 ||   171
       Broad axe         |       |    18 |    67 |   327 |    43 ||   455
       Spear             |       |       |       |    62 |   165 ||   227
Invok: Heroism           |       |     1 |     3 |     9 |     1 ||    14
       Finesse           |       |       |     1 |     8 |     1 ||    10
  Use: Potion            |     1 |     3 |       |     3 |     1 ||     8
       Scroll            |       |       |       |     2 |       ||     2
  Eat: Chunk             |       |       |       |     4 |     1 ||     5
       Ration            |       |       |       |     3 |       ||     3
Armor: Scale mail        |    16 |     6 |     9 |       |       ||    31
       Troll leather arm |       |       |       |    10 |       ||    10
       Ring mail         |       |       |       |    15 |       ||    15
       Chain mail        |       |       |       |    53 |    23 ||    76
Dodge: Dodged            |     8 |     8 |    22 |   123 |    64 ||   225
Block: Shield            |    13 |     8 |    23 |   141 |    77 ||   262
